Unix NetHack Version 3.7.0-53 Work-in-progress - last build Apr 18 2022 03:42:42 (02b85442fffe0e2954e411e09df771b56fe27bbc,branch:master). Game began 2022-05-04 19:42:35, ended 2022-05-04 20:41:17. spontiff, neutral male gnomish Healer ---- ----------..| |..0........| |.....-----.| |...[.| |.-- |..@..|----..| |.....|<^^...| ---.---------| |..--->---..| |...........| |...----.00.| |...| |....| ----- ------ Spontiff the Rhizotomist St:9 Dx:9 Co:16 In:10 Wi:16 Ch:17 Neutral S:2303 Dlvl:5 $:3835 HP:0(20) Pw:10(10) AC:5 Xp:1/0 T:3907 Blind Latest messages: The straw golem hits! The large cat bites the straw golem. The straw golem hits! The straw golem hits! The large cat bites the straw golem. The straw golem is destroyed! Where do you want to travel to? (For instructions type a '?') With great effort you move the boulder. You hear a monster behind the boulder. Perhaps that's why you cannot move it. You hear a monster behind the boulder. Perhaps that's why you cannot move it. The large cat bites the green mold. The green mold is killed! You begin bashing monsters with your cream pies. You miss the hill orc. The hill orc wields a curved sword! The curved sword welds itself to the hill orc's hand! The hill orc throws an orcish dagger! The orcish dagger hits the hill orc. The large cat bites the hill orc. The hill orc picks up an orcish dagger. The large cat bites the hill orc. The hill orc wields an orcish dagger! The large cat bites the hill orc. The hill orc thrusts her orcish dagger at the large cat. The hill orc misses the large cat. The large cat misses the hill orc. The large cat bites the hill orc. The hill orc hits the large cat. The large cat bites the hill orc. The hill orc hits the large cat. The large cat bites the hill orc. The hill orc swings his curved sword. The hill orc misses! The large cat bites the hill orc. The hill orc hits the large cat. The large cat misses the hill orc. The large cat bites the hill orc. The hill orc is killed! The large cat bites the hill orc. The hill orc is killed! There is a hill orc corpse here; eat it? [ynq] (n) y Blecch! Rotten food! Everything suddenly goes dark. It hits! You die... Do you want your possessions identified? [ynq] (y) y Do you want to see the dungeon overview? [ynq] (y) y Major events: Turn 1: spontiff the neutral male gnomish Healer entered the dungeon 1581: entered the Gnomish Mines 3638: entered Sokoban 3907: killed by a hill orc Inventory: Coins $ - 3835 gold pieces Weapons b - 11 uncursed +0 crossbow bolts W - a cursed -1 dart k - an uncursed +0 orcish dagger (alternate weapon; not wielded) Armor h - an uncursed +0 orcish helm (being worn) g - an uncursed +1 pair of leather gloves (being worn) v - a blessed +1 pair of low boots (being worn) Comestibles y - an uncursed apple a - 2 uncursed cream pies (wielded) r - an uncursed pancake p - 4 uncursed tripe rations Scrolls w - a blessed scroll of earth u - an uncursed scroll of earth o - a blessed scroll of identify I - 3 uncursed scrolls of identify T - an uncursed scroll of teleportation Potions c - an uncursed potion of extra healing d - an uncursed potion of fruit juice Rings t - an uncursed +2 ring of protection Wands S - an uncursed wand of sleep (0:8) x - a cursed wand of teleportation (0:7) Tools s - an uncursed stethoscope Spontiff the Healer's attributes: Background: You were a Rhizotomist, a level 1 male gnomish Healer. You were neutral, on a mission for Hermes who was opposed by Athena (lawful) and Poseidon (chaotic). You were in Sokoban, on level 5. You entered the dungeon 3907 turns ago. You had 0 experience points, 20 were needed to attain level 2. Your score was 2303 before end-of-game adjustments. Basics: You had 0 out of 20 hit points. You had all 10 energy points (spell power). Your armor class was 5. Your wallet contained 3835 zorkmids. Autopickup was on for '$!/="?' plus thrown, with exceptions. Final Characteristics: Your strength was 9 (limit:18/50). Your dexterity was 9 (limit:18). Your constitution was 16 (limit:18). Your intelligence was 10 (limit:19). Your wisdom was 16 (limit:18). Your charisma was 17 (limit:18). Final Status: You were temporarily blind. You were not hungry. You were unencumbered. You were wielding some food. Final Attributes: You were fervently aligned. You were poison resistant. You had infravision. You are dead. Miscellaneous: You never encountered a bones level. Total elapsed playing time was 33 minutes and 39 seconds. Vanquished creatures: a shrieker a straw golem 2 hill orcs a giant bat an acid blob a coyote a gas spore 3 manes 2 giant rats a yellow mold 2 green molds a garter snake a gecko 9 jackals 4 foxes 2 kobolds 3 goblins 3 sewer rats 8 grid bugs a bat 4 lichens 2 kobold zombies 9 newts 63 creatures vanquished. No species were genocided or became extinct. Voluntary challenges: You never hit with a wielded weapon. You were a pacifist. You were illiterate. You never engraved Elbereth. You never genocided any monsters. You never polymorphed an object. You never changed form. You used no wishes. You did not violate any of the special Sokoban rules. Achievements: You entered a shop. You entered the Gnomish Mines. You entered Sokoban. The Dungeons of Doom: levels 1 to 7 Level 1: "iron bars" Level 2: A general store. Level 3: Stairs down to The Gnomish Mines. Level 4: A scroll shop. Level 5: Some fountains. Oracle of Delphi. Level 6: A fountain, a sink. Stairs up to Sokoban, level 5. Level 7: The Gnomish Mines: Level 4: Sokoban: Level 5: <- You were here. Unsolved. Final resting place for you, killed by a hill orc. Game over: ---------- / \ / REST \ / IN \ / PEACE \ / \ | spontiff | | 3835 Au | | killed by a hill | | orc | | | | | | 2022 | *| * * * | * _________)/\\_//(\/(/\)/\//\/|_)_______ Goodbye spontiff the Healer... You died in Sokoban on dungeon level 5 with 2103 points, and 3835 pieces of gold, after 3907 moves. You were level 1 with a maximum of 20 hit points when you died.